 Dungeon Crawl Stone Soup version 0.24.1-4-ge52af88ad5 (webtiles) character file.

Game seed: 11136597804219608168, levelgen mode: deterministic

41 Destapler the Stinger (level 3, 0/19 HPs)
             Began as a Tengu Venom Mage on Apr 13, 2020.
             Slain by a worm (10 damage)
             ... on level 2 of the Dungeon.
             The game lasted 00:04:28 (1444 turns).

Destapler the Stinger (Tengu Venom Mage)            Turns: 1444, Time: 00:04:29

Health: 0/19       AC:  4    Str:  8    XL:     3   Next: 52%
Magic:  1/7        EV: 12    Int: 16    God:
Gold:   119        SH:  8    Dex: 14    Spells: 5/6 levels left

rFire    . . .     SeeInvis .   a - +0 dagger (vamp)
rCold    . . .     Gourm    .   n - +2 buckler
rNeg     . . .     Faith    .   d - +0 robe
rPois    .         Spirit   .   (helmet restricted)
rElec    .         Reflect  +   (no cloak)
rCorr    .         Harm     .   i - +1 pair of gloves
MR       +....                  (boots unavailable)
Stlth    ++........             g - +3 amulet of reflection
HPRegen  0.06/turn              t - ring of protection from magic
MPRegen  0.10/turn              (no ring)

@: no status effects
A: beak, talons 3
a: no special abilities


You were on level 2 of the Dungeon.
You were not hungry.

You visited 1 branch of the dungeon, and saw 2 of its levels.

You collected 119 gold pieces.

Inventory:

Hand Weapons
 a - a +0 vampiric dagger (weapon)
Missiles
 j - 6 boomerangs
 l - 3 javelins (quivered)
Armour
 d - a +0 robe (worn)
 i - a +1 pair of gloves (worn)
 n - a +2 buckler (worn)
Jewellery
 g - a +3 amulet of reflection (around neck)
 t - a ring of protection from magic (left hand)
Wands
 k - a wand of iceblast (6)
Scrolls
 h - 4 scrolls of identify
 m - a scroll of immolation {unknown}
 p - a scroll of blinking {unknown}
 r - a scroll of teleportation {unknown}
 s - a scroll of amnesia {unknown}
 u - 2 scrolls of fear {unknown}
Potions
 b - 3 potions of resistance
 e - a potion of heal wounds {unknown}
 o - a potion of berserk rage {unknown}
 q - a potion of flight {unknown}
Comestibles
 c - 9 rations
 f - 2 chunks of flesh


   Skills:
 + Level 2.6 Dodging
 + Level 2.5 Stealth
 + Level 2.3 Spellcasting
 + Level 2.2 Conjurations
 + Level 3.3 Poison Magic


You had 5 spell levels left.
You knew the following spells:

 Your Spells              Type           Power        Failure   Level  Hunger
a - Sting                 Conj/Pois      ##..         11%         1    #......

Your spell library contained the following spells:

 Spells                   Type           Power        Failure   Level  Hunger
 Poisonous Vapours        Pois/Air       #.....       26%         2    ###....
 Mephitic Cloud           Conj/Pois/Air  #.......     43%         3    ###....
 Olgreb's Toxic Radiance  Pois           ##......     63%         4    #####..
 Venom Bolt               Conj/Pois      ##........   96%         5    ######.


Dungeon Overview and Level Annotations

Branches:
Dungeon (2/15)

Altars:
Gozag
Uskayaw
Wu Jian


Innate Abilities, Weirdness & Mutations

You have a beak for a mouth.
You have claws for feet.


Message History

Ouch! That really hurt!
* * * LOW HITPOINT WARNING * * *
Casting: Sting (safe; 11% risk of failure)
Confirm with . or Enter, or press ? or * to list all spells.
Aiming: Sting (safe; 11% risk of failure)
Press: ? - help, Shift-Dir - straight line, f/p - worm
Aim: a worm (lightly wounded, poisoned)
The sting hits the worm.
The worm looks even sicker.
The worm is moderately wounded.
You hit the worm.
You feel better.
Your kick misses the worm. Your peck misses the worm.
The worm is moderately wounded.
The worm bites you but does no damage.
You hit the worm but do no damage.
The worm is moderately wounded.
You hit the worm.
The worm is heavily wounded.
The worm bites you!
Ouch! That really hurt!
You die...

..# ..# # #### .
##.... .. ...# ...
.### .... .# ..... ##
######..)... .##
#...@w....# ..#
#)####.##.# ..# ###.#
# ..#### #...#
#....######.###
...#....#...#
8...........## .>
.............##..
8.......#.#...........


You could see a worm.

Vanquished Creatures
  An adder (D:2)
  A worm (D:2)
  A dart slug (D:2)
  4 bats
  A giant cockroach (D:2)
  2 hobgoblins
  2 frilled lizards
  9 goblins
  3 kobolds
  A rat (D:2)
25 creatures vanquished.

Notes
Turn   | Place    | Note
-------+----------+-------------------------------------------
     0 | D:1      | Destapler the Tengu Venom Mage began the quest for the Orb.
     0 | D:1      | Reached XP level 1. HP: 10/10 MP: 4/4
   397 | D:1      | Reached XP level 2. HP: 15/15 MP: 4/6
   967 | D:2      | Reached XP level 3. HP: 12/19 MP: 1/7
  1089 | D:2      | Found a hide-covered altar of Uskayaw.
  1276 | D:2      | Found an opulent altar of Gozag.
  1277 | D:2      | Found an ornate altar of the Wu Jian Council.
  1444 | D:2      | Slain by a worm

Levels and vault maps discovered:
D:1:      nzn_arrival_settlement, layout_loops_corners
D:2:      layout_rooms, eat_drink_and_be_merry_uskayaw,
          gammafunk_temple_overflow_statue, first_ration

Skill      XL: |  1  2 |
---------------+-------+-----
Conjurations   | 2 |  2.2
Dodging        | |  2.6
Stealth        | |  2.5
Spellcasting   | |  2.3
Poison Magic   | |  3.3

Action                   || total
-------------------------++-------
Melee: Dagger            ||    39
       Kick              ||     3
       Unarmed           ||     1
       Peck              ||     3
 Cast: Sting             ||    50
  Use: Scroll            ||     3
 Stab: Sleeping          ||     1
  Eat: Chunk             ||     2
Armor: Robe              ||    20
Dodge: Dodged            ||    25
Block: Buckler           ||    17
